 Dungeon Crawl Stone Soup version 0.21-a0-509-gecc5317 (webtiles) character file.

266 Cricketeer the Chopper (level 6, -1/56 HPs)
             Began as a Minotaur Berserker on Nov 30, 2017.
             Was a Believer of Trog.
             Slain by a gnoll
             ... wielding a cursed -2 spear
              (3 damage)
             ... on level 3 of the Dungeon.
             The game lasted 00:03:33 (1013 turns).

Cricketeer the Chopper (Minotaur Berserker)         Turns: 1013, Time: 00:03:33

Health: -1/56      AC:  6    Str: 24    XL:     6   Next: 0%
Magic:  5/5        EV: 12    Int:  4    God:    Trog [**....]
Gold:   127        SH:  0    Dex:  9    Spells: 5/5 levels left

rFire    . . .     SeeInvis .   a - +0 hand axe
rCold    . . .     Gourm    .   (no shield)
rNeg     . . .     Faith    .   f - +1 ring mail {rPois}
rPois    +         Spirit   .   (helmet restricted)
rElec    .         Reflect  .   (no cloak)
rCorr    .         Harm     .   (no gloves)
MR       .....                  (no boots)
Stlth    ..........             (no amulet)
HPRegen  0.18/turn              (no ring)
MPRegen  0.09/turn              (no ring)

@: berserk cooldown, slowed, very slow
A: retaliatory headbutt, horns 2
a: Berserk, Trog's Hand, Burn Spellbooks, Renounce Religion


You were on level 3 of the Dungeon.
You worshipped Trog.
Trog was pleased with you.
You were very hungry.

You visited 1 branch of the dungeon, and saw 3 of its levels.

You collected 127 gold pieces.

Inventory:

Hand Weapons
 a - a +0 hand axe (weapon)
Armour
 b - a +0 animal skin
 f - a +1 ring mail of poison resistance (worn)
 k - a +0 plate armour
 o - a +0 pair of boots
Scrolls
 e - 3 scrolls of identify {unknown}
 g - a scroll of blinking {unknown}
 h - a scroll of fear {unknown}
 i - a scroll of remove curse {unknown}
Potions
 d - a potion of might {unknown}
 l - 3 potions of heal wounds {unknown}
 m - a potion of cancellation {unknown}
 n - 3 potions of curing {unknown}
 p - a potion of degeneration {unknown}
Comestibles
 c - a bread ration
 j - a chunk of flesh


   Skills:
 + Level 5.0 Fighting
 * Level 5.1 Axes
 + Level 4.2 Armour
 + Level 3.9 Dodging


You had 5 spell levels left.
You didn't know any spells.

Dungeon Overview and Level Annotations

Branches:
Dungeon (3/15)

Altars:


Innate Abilities, Weirdness & Mutations

You reflexively headbutt those who attack you in melee.
You have a pair of horns on your head.


Message History

The gnoll hits you from afar with a spear.
* * * LOW HITPOINT WARNING * * *
The orc wizard gestures wildly while chanting.
The orc wizard blinks!
The gnoll hits you from afar with a spear!
* * * LOW HITPOINT WARNING * * *
A gnoll comes into view.
You hit the hobgoblin. You headbutt the hobgoblin.
You kill the hobgoblin!
Trog accepts your kill.
You have reached level 6!
Your experience leads to an increase in your attributes!
Increase (S)trength, (I)ntelligence, or (D)exterity?
You feel stronger.
The gnoll hits you from afar with a spear.
* * * LOW HITPOINT WARNING * * *
The gnoll closely misses you.
The gnoll moves out of view.
The hobgoblin barely misses you. The gnoll barely misses you.
The gnoll hits you from afar with a spear.
You die...

........(.....
.....g.o.....#.
....g..g.......... .#
......o........#... ...
...............##.# ##..
..................####...
.........................
.......###g.......##.....
......o#@)g........#.....
#ggg.##......#.......
......#####.......##.....
..### #.....#..#.....
#.....##.###### #######
..##### #...... ######


You could see 4 gnolls and a hobgoblin.

Vanquished Creatures
  Sigmund (D:2)
  2 gnolls (D:3)
  4 adders (D:2)
  2 leopard geckos (D:1)
  An orc (D:3)
  3 giant cockroaches
  9 hobgoblins
  A ball python (D:2)
  7 bats
  5 goblins (D:2)
  4 kobolds (D:1)
  3 rats
42 creatures vanquished.

Notes
Turn   | Place    | Note
-------+----------+-------------------------------------------
     0 | D:1      | Cricketeer the Minotaur Berserker began the quest for the Orb.
     0 | D:1      | Reached XP level 1. HP: 19/19 MP: 0/0
    60 | D:1      | Reached XP level 2. HP: 23/27 MP: 1/1
   465 | D:2      | Reached XP level 3. HP: 27/33 MP: 2/2
   562 | D:2      | Reached ** piety under Trog
   589 | D:2      | Noticed Sigmund
   601 | D:2      | Killed Sigmund
   601 | D:2      | Reached skill level 5 in Fighting
   601 | D:2      | Reached XP level 4. HP: 42/42 MP: 3/3
   601 | D:2      | Reached XP level 5. HP: 48/48 MP: 4/4
   625 | D:2      | Reached skill level 5 in Axes
  1011 | D:3      | HP: 2/48 [gnoll/spear (7)]
  1012 | D:3      | Reached XP level 6. HP: 2/56 MP: 5/5
  1013 | D:3      | Slain by a gnoll

Vault maps used:
D:1:      dpeg_arrival_arbitrary_c
D:2:      grunt_decor_cap, uniq_sigmund
D:3:      old_standard_altar, first_bread, minmay_bisected

Skill      XL: |  1  2  3  4  5 |
---------------+----------------+-----
Fighting       | 4 5 |  5.0
Axes           | 4 5 |  5.1
Armour         | 3 4 |  4.2
Dodging        | 3 |  3.9

Action                   |  1- 3 |  4- 6 || total
-------------------------+-------+-------++-------
Melee: Hand axe          |    67 |    27 ||    94
       Headbutt          |     5 |     6 ||    11
Invok: Berserk           |     1 |     1 ||     2
  Eat: Chunk             |       |     1 ||     1
Armor: Animal skin       |     7 |       ||     7
       Ring mail         |    20 |    19 ||    39
Dodge: Dodged            |    56 |    30 ||    86

Table legend:
 A = Spawn XP
 B = Non-spawn XP
 C = Spawn XP percentage of total XP
 D = Spawn monster count
 E = Non-spawn monster count
 F = Spawn count percentage of total count
 G = Total turns spent on level
                    A         B        C        D         E        F      G
               +---------+---------+-------+---------+---------+-------+---------
         Total |       0 |     381 |   0.0 |       0 |      42 |   0.0 |  1013
               +---------+---------+-------+---------+---------+-------+---------
           D:1 |       0 |      23 |   0.0 |       0 |      13 |   0.0 |   363
           D:2 |       0 |     324 |   0.0 |       0 |      25 |   0.0 |   603
           D:3 |       0 |      34 |   0.0 |       0 |       4 |   0.0 |    47
               +---------+---------+-------+---------+---------+-------+---------
